General information
- name: BNet
- type: Ladder team game (AT/RT)
- host: Battle.net
- saver: NatAmerSpirits
map: DragonFalls
- players: 8
- length: 39:15
- speed: Fast
- version: 1.26 W3XP
- replay type: Public
» download(261 KB)
Players
team 1 (winner)
AnyGivenHyundai (
blue | 51 APM | 516 actions | 10:08)
4 Dark Ranger
2 Black Arrow
2 Silence
1 Priestess of the Moon
1 Searing Arrows
» actions
| Basic commands | 42 | |
| Build / train | 60 | |
| Enter build submenu | 15 | |
| Enter hero's abilities submenu | 5 | |
| Right click | 169 | |
| Select / deselect | 196 | |
| Use ability | 29 | |
516 total
» units
| Wisp | 26 | |
| Archer | 16 | |
| Hippogryph | 2 | |
44 total
» upgrades
| Strength of the Moon | 1 | |
| Moon Armor | 1 | |
| Ultravision | 1 | |
| Hippogryph Taming | 1 | |
4 total
» buildings
| Altar of Elders | 1 | |
| Moon Well | 6 | |
| Ancient of War | 2 | |
| Ancient of Wonders | 1 | |
| Tree of Life | 1 | |
| Tree of Ages | 1 | |
| Hunter's Hall | 1 | |
| Ancient of Wind | 3 | |
16 total
» build order
00:10 Altar of Elders
00:14 Moon Well
00:26 Ancient of War
01:25 Moon Well
01:56 Ancient of Wonders
03:54 Tree of Life
04:15 Moon Well
05:13 Tree of Ages
05:16 Hunter's Hall
05:39 Ancient of War
07:17 Moon Well
07:48 Ancient of Wind
08:21 Ancient of Wind
08:24 Ancient of Wind
08:44 Moon Well
09:57 Moon Well

»
RYBA_ (
green | 113 APM | 4238 actions | 37:39)
5 Blademaster
2 Wind Walk
3 Critical Strike
3 Shadow Hunter
1 Hex
2 Healing Wave
2 Dark Ranger
1 Silence
1 Charm
2 Priestess of the Moon
2 Trueshot Aura
» actions
| Assign group hotkey | 50 | |
| Basic commands | 507 | |
| Build / train | 140 | |
| ESC pressed | 5 | |
| Enter build submenu | 31 | |
| Enter hero's abilities submenu | 12 | |
| Give item / drop item | 2 | |
| Right click | 1240 | |
| Select / deselect | 921 | |
| Select group hotkey | 1203 | |
| Use ability | 127 | |
4238 total
» units
| Peon | 22 | |
| Grunt | 9 | |
| Wind Rider | 9 | |
| Troll Witch Doctor | 5 | |
| Hippogryph | 6 | |
| Archer | 1 | |
| Shaman | 6 | |
| Raider | 2 | |
| Chimaera | 3 | |
| Tauren | 4 | |
| Kodo Beast | 1 | |
68 total
» upgrades
| Witch Doctor Training | 2 | |
| Envenomed Spears | 1 | |
| Armor | 1 | |
| Improved Bows | 1 | |
| Strength of the Moon | 2 | |
| Shaman Training | 2 | |
| Reinforced Defenses | 1 | |
| Ranged Weapons | 1 | |
| Moon Armor | 1 | |
| Corrosive Breath | 1 | |
| Strength of the Wild | 1 | |
| Reinforced Hides | 1 | |
| Pulverize | 1 | |
16 total
» buildings
| Altar of Storms | 1 | |
| Orc Burrow | 8 | |
| Barracks | 1 | |
| Voodoo Lounge | 1 | |
| Stronghold | 1 | |
| Great Hall | 2 | |
| War Mill | 1 | |
| Fortress | 1 | |
| Spirit Lodge | 1 | |
| Beastiary | 2 | |
| Tree of Eternity | 3 | |
| Moon Well | 3 | |
| Tauren Totem | 4 | |
| Chimaera Roost | 3 | |
32 total
» build order
00:09 Altar of Storms
00:18 Orc Burrow
00:48 Barracks
01:33 Orc Burrow
01:45 Voodoo Lounge
03:13 Stronghold
03:47 Great Hall
04:17 War Mill
05:10 Orc Burrow
06:00 Fortress
06:03 Spirit Lodge
06:05 Orc Burrow
08:13 Beastiary
08:14 Beastiary
08:53 Orc Burrow
09:25 Orc Burrow
10:46 Orc Burrow
11:47 Tree of Eternity
11:47 Tree of Eternity
11:47 Tree of Eternity
11:49 Moon Well
13:55 Orc Burrow
16:17 Tauren Totem
16:18 Tauren Totem
16:21 Tauren Totem
18:01 Tauren Totem
18:21 Chimaera Roost
18:22 Chimaera Roost
18:22 Chimaera Roost
18:27 Moon Well
21:00 Moon Well
24:59 Great Hall
» items
| Healing Salve | 3 | |
| Orb of Lightning | 1 | |
| Lesser Clarity Potion | 1 | |
| Scroll of Town Portal | 2 | |
| Potion of Healing | 1 | |
| Potion of Mana | 1 | |
9 total
scadinha (
orange | 43 APM | 1594 actions | 36:38)
8 Death Knight
3 Death Coil
3 Unholy Aura
1 Animate Dead
1 Death Pact
1 Priestess of the Moon
1 Trueshot Aura
» actions
| Assign group hotkey | 54 | |
| Basic commands | 191 | |
| Build / train | 73 | |
| Enter build submenu | 22 | |
| Enter hero's abilities submenu | 9 | |
| Give item / drop item | 3 | |
| Remove unit from queue | 1 | |
| Right click | 339 | |
| Select / deselect | 313 | |
| Select group hotkey | 503 | |
| Use ability | 86 | |
1594 total
» units
| Acolyte | 15 | |
| Ghoul | 4 | |
| Crypt Fiend | 13 | |
| Frost Wyrm | 7 | |
| Hippogryph | 3 | |
| Chimaera | 1 | |
43 total
» upgrades
| Cannibalize | 0 | |
| Creature Attack | 1 | |
| Creature Carapace | 2 | |
| Web | 1 | |
| Freezing Breath | 1 | |
5 total
» buildings
| Ziggurat | 9 | |
| Altar of Darkness | 1 | |
| Crypt | 1 | |
| Graveyard | 1 | |
| Tomb of Relics | 1 | |
| Nerubian Tower | 2 | |
| Spirit Tower | 3 | |
| Halls of the Dead | 1 | |
| Black Citadel | 2 | |
| Sacrificial Pit | 1 | |
| Boneyard | 2 | |
| Moon Well | 1 | |
| Hunter's Hall | 1 | |
26 total
» build order
00:14 Ziggurat
00:17 Altar of Darkness
00:46 Crypt
01:05 Ziggurat
01:12 Graveyard
01:35 Tomb of Relics
02:26 Nerubian Tower
02:47 Spirit Tower
04:05 Ziggurat
05:11 Halls of the Dead
07:32 Black Citadel
07:32 Black Citadel
08:01 Sacrificial Pit
08:08 Ziggurat
08:09 Ziggurat
09:55 Boneyard
09:56 Boneyard
09:58 Ziggurat
09:59 Ziggurat
11:19 Nerubian Tower
14:32 Ziggurat
14:35 Ziggurat
16:22 Spirit Tower
16:23 Spirit Tower
20:13 Moon Well
21:25 Hunter's Hall
» items
| Rod of Necromancy | 1 | |
| Lesser Clarity Potion | 1 | |
| Dust of Appearance | 2 | |
| Scroll of Town Portal | 2 | |
6 total
NatAmerSpirits (
purple | 56 APM | 2196 actions | 39:15)
5 Blademaster
3 Wind Walk
2 Critical Strike
» actions
| Assign group hotkey | 45 | |
| Basic commands | 320 | |
| Build / train | 72 | |
| Enter build submenu | 47 | |
| Enter hero's abilities submenu | 5 | |
| Give item / drop item | 5 | |
| Remove unit from queue | 1 | |
| Right click | 853 | |
| Select / deselect | 466 | |
| Select group hotkey | 207 | |
| Use ability | 175 | |
2196 total
» units
| Peon | 9 | |
| Grunt | 4 | |
| Goblin Shredder | 2 | |
| Goblin Zeppelin | 2 | |
| Troll Batrider | 6 | |
| Green Dragon | 2 | |
| Wind Rider | 8 | |
| Goblin Sapper | 4 | |
37 total
» upgrades
| Reinforced Defenses | 1 | |
| Liquid Fire | 1 | |
| Troll Regeneration | 1 | |
| Ranged Weapons | 2 | |
| Armor | 2 | |
| Envenomed Spears | 1 | |
8 total
» buildings
| Orc Burrow | 8 | |
| Altar of Storms | 1 | |
| Barracks | 1 | |
| Voodoo Lounge | 2 | |
| Stronghold | 1 | |
| War Mill | 2 | |
| Great Hall | 2 | |
| Watch Tower | 27 | |
| Fortress | 1 | |
| Beastiary | 4 | |
49 total
» build order
00:12 Orc Burrow
00:36 Orc Burrow
01:10 Altar of Storms
01:11 Barracks
01:40 Voodoo Lounge
02:52 Stronghold
04:03 War Mill
04:06 Orc Burrow
05:15 Great Hall
07:06 Watch Tower
07:06 Watch Tower
07:07 Watch Tower
07:14 Fortress
07:54 Voodoo Lounge
10:42 Watch Tower
10:42 Watch Tower
11:41 Beastiary
11:42 Beastiary
11:42 Beastiary
11:45 Beastiary
11:47 Orc Burrow
11:52 Watch Tower
12:22 Watch Tower
12:25 Watch Tower
13:36 Great Hall
13:40 Watch Tower
13:41 Watch Tower
13:41 Watch Tower
13:55 Watch Tower
15:09 Watch Tower
15:09 Watch Tower
15:10 Watch Tower
15:10 Watch Tower
20:58 Watch Tower
23:18 Orc Burrow
23:19 Orc Burrow
23:21 Orc Burrow
23:26 Orc Burrow
23:30 Watch Tower
23:31 Watch Tower
23:36 Watch Tower
23:37 Watch Tower
26:31 War Mill
» items
| Healing Salve | 3 | |
| Potion of Mana | 3 | |
| Lesser Clarity Potion | 3 | |
| Potion of Healing | 2 | |
| Scroll of Town Portal | 2 | |
| Orb of Lightning | 1 | |
| Periapt of Vitality | 2 | |
| Staff of Teleportation | 1 | |
| Potion of Lesser Invulnerability | 1 | |
18 total
team 2 (loser)
ChOnChO (
pink | 130 APM | 2534 actions | 19:25)
4 Mountain King
2 Storm Bolt
2 Bash
2 Paladin
1 Holy Light
1 Divine Shield
» actions
| Assign group hotkey | 155 | |
| Basic commands | 1 | |
| Build / train | 110 | |
| Enter build submenu | 25 | |
| Enter hero's abilities submenu | 6 | |
| Give item / drop item | 1 | |
| Right click | 1301 | |
| Select / deselect | 230 | |
| Select group hotkey | 571 | |
| Use ability | 134 | |
2534 total
» units
| Peasant | 21 | |
| Footman | 14 | |
| Furbolg Shaman | 1 | |
| Gryphon Rider | 5 | |
| Dragonhawk Rider | 19 | |
| Rifleman | 1 | |
| Spell Breaker | 1 | |
62 total
» upgrades
| Swords | 1 | |
| Lumber Harvesting | 2 | |
| Storm Hammers | 1 | |
| Control Magic | 1 | |
5 total
» buildings
| Barracks | 1 | |
| Altar of Kings | 1 | |
| Farm | 11 | |
| Lumber Mill | 1 | |
| Scout Tower | 3 | |
| Arcane Tower | 6 | |
| Arcane Vault | 1 | |
| Town Hall | 1 | |
| Keep | 1 | |
| Blacksmith | 1 | |
| Castle | 1 | |
| Gryphon Aviary | 2 | |
| Arcane Sanctum | 1 | |
31 total
» build order
00:23 Barracks
00:35 Altar of Kings
00:51 Farm
01:05 Farm
01:42 Lumber Mill
02:14 Farm
02:28 Scout Tower
02:49 Farm
02:50 Farm
02:56 Arcane Tower
03:13 Arcane Vault
04:23 Town Hall
05:35 Keep
06:00 Scout Tower
06:07 Blacksmith
06:30 Arcane Tower
06:30 Arcane Tower
07:57 Castle
08:01 Gryphon Aviary
08:01 Gryphon Aviary
09:36 Farm
09:37 Farm
10:41 Farm
10:41 Farm
10:42 Farm
10:48 Farm
11:13 Scout Tower
11:41 Arcane Tower
12:50 Arcane Sanctum
» items
| Scroll of Regeneration | 4 | |
| Lesser Clarity Potion | 8 | |
| Scroll of Town Portal | 1 | |
| Potion of Mana | 2 | |
15 total
Darkness917 (
yellow | 67 APM | 1284 actions | 19:11)
3 Blood Mage
2 Flame Strike
1 Siphon Mana
3 Paladin
2 Holy Light
1 Divine Shield
» actions
| Basic commands | 1 | |
| Build / train | 83 | |
| Enter build submenu | 30 | |
| Enter hero's abilities submenu | 6 | |
| Give item / drop item | 2 | |
| Remove unit from queue | 1 | |
| Right click | 590 | |
| Select / deselect | 478 | |
| Use ability | 93 | |
1284 total
» units
| Peasant | 17 | |
| Footman | 10 | |
| Mortar Team | 4 | |
| Priest | 5 | |
| Siege Engine | 3 | |
| Knight | 1 | |
| Flying Machine | 1 | |
41 total
» upgrades
| Defend | 1 | |
| Lumber Harvesting | 2 | |
| Masonry | 1 | |
| Flare | 1 | |
| Priest Training | 2 | |
| Gunpowder | 3 | |
| Fragmentation Shards | 1 | |
| Barrage | 1 | |
12 total
» buildings
| Altar of Kings | 1 | |
| Barracks | 1 | |
| Farm | 9 | |
| Lumber Mill | 2 | |
| Scout Tower | 9 | |
| Arcane Tower | 5 | |
| Keep | 2 | |
| Blacksmith | 1 | |
| Arcane Vault | 1 | |
| Town Hall | 1 | |
| Guard Tower | 1 | |
| Workshop | 4 | |
| Arcane Sanctum | 2 | |
| Castle | 1 | |
40 total
» build order
00:18 Altar of Kings
00:24 Barracks
00:28 Farm
00:56 Farm
01:27 Lumber Mill
01:46 Scout Tower
02:17 Arcane Tower
02:17 Arcane Tower
02:22 Scout Tower
02:39 Farm
02:45 Arcane Tower
03:46 Keep
03:46 Keep
03:51 Blacksmith
03:56 Arcane Vault
05:02 Scout Tower
05:03 Scout Tower
05:08 Town Hall
05:11 Scout Tower
05:12 Scout Tower
05:41 Guard Tower
06:25 Arcane Tower
07:26 Workshop
08:02 Workshop
08:21 Arcane Sanctum
08:30 Farm
09:19 Castle
09:37 Farm
10:06 Workshop
10:27 Workshop
11:24 Arcane Sanctum
11:41 Lumber Mill
12:36 Farm
12:41 Farm
13:46 Farm
13:48 Farm
16:51 Scout Tower
16:53 Scout Tower
16:53 Scout Tower
» items
| Healing Salve | 1 | |
| Scroll of Regeneration | 2 | |
| Scroll of Town Portal | 5 | |
| Lesser Clarity Potion | 1 | |
9 total

»
doctor-rock (
red | 83 APM | 1624 actions | 19:30)
3 Tauren Chieftain
2 War Stomp
1 Endurance Aura
3 Shadow Hunter
2 Hex
1 Healing Wave
» actions
| Assign group hotkey | 103 | |
| Basic commands | 33 | |
| Build / train | 52 | |
| ESC pressed | 6 | |
| Enter build submenu | 15 | |
| Enter hero's abilities submenu | 6 | |
| Right click | 874 | |
| Select / deselect | 227 | |
| Select group hotkey | 253 | |
| Use ability | 55 | |
1624 total
» units
| Peon | 10 | |
| Grunt | 6 | |
| Shaman | 6 | |
| Tauren | 8 | |
30 total
» upgrades
| Armor | 2 | |
| Melee Weapons | 2 | |
| Shaman Training | 2 | |
| Pulverize | 1 | |
| Spiked Barricades | 1 | |
8 total
» buildings
| Altar of Storms | 1 | |
| Orc Burrow | 6 | |
| Barracks | 1 | |
| Voodoo Lounge | 1 | |
| Stronghold | 1 | |
| War Mill | 1 | |
| Spirit Lodge | 1 | |
| Fortress | 1 | |
| Tauren Totem | 2 | |
| Watch Tower | 2 | |
17 total
» build order
00:09 Altar of Storms
00:20 Orc Burrow
00:38 Barracks
01:29 Orc Burrow
02:02 Voodoo Lounge
03:17 Stronghold
04:01 Orc Burrow
04:23 War Mill
05:25 Orc Burrow
05:40 Spirit Lodge
06:05 Fortress
08:30 Tauren Totem
08:31 Tauren Totem
10:23 Orc Burrow
12:36 Orc Burrow
17:07 Watch Tower
17:08 Watch Tower
» items
| Healing Salve | 2 | |
| Potion of Healing | 1 | |
| Scroll of Town Portal | 1 | |
4 total
SaturdayOwnage (
teal | 66 APM | 2594 actions | 39:13)
7 Blademaster
3 Wind Walk
3 Critical Strike
1 Bladestorm
2 Tauren Chieftain
1 Endurance Aura
1 War Stomp
1 Blood Mage
1 Banish
1 Shadow Hunter
1 Healing Wave
» actions
| Assign group hotkey | 128 | |
| Basic commands | 90 | |
| Build / train | 138 | |
| ESC pressed | 2 | |
| Enter build submenu | 49 | |
| Enter hero's abilities submenu | 13 | |
| Give item / drop item | 8 | |
| Right click | 964 | |
| Select / deselect | 378 | |
| Select group hotkey | 590 | |
| Use ability | 234 | |
2594 total
» units
| Peon | 13 | |
| Grunt | 4 | |
| Goblin Shredder | 1 | |
| Goblin Zeppelin | 2 | |
| Wind Rider | 10 | |
| Siege Engine | 1 | |
| Peasant | 5 | |
| Goblin Sapper | 6 | |
| Troll Batrider | 2 | |
44 total
» upgrades
| Armor | 3 | |
| Berserker Strength | 1 | |
| Pillage | 1 | |
| Ranged Weapons | 3 | |
| Reinforced Defenses | 2 | |
| Envenomed Spears | 1 | |
| Spiked Barricades | 3 | |
| Liquid Fire | 1 | |
| War Drums Damage Increase | 1 | |
| Masonry | 2 | |
| Troll Regeneration | 1 | |
| Backpack | 1 | |
| Melee Weapons | 3 | |
| Ensnare | 1 | |
| Berserker Upgrade | 1 | |
| Burning Oil | 1 | |
26 total
» buildings
| Orc Burrow | 10 | |
| Barracks | 1 | |
| Altar of Storms | 1 | |
| Voodoo Lounge | 1 | |
| Stronghold | 4 | |
| War Mill | 2 | |
| Great Hall | 2 | |
| Watch Tower | 28 | |
| Fortress | 3 | |
| Beastiary | 4 | |
| Altar of Kings | 1 | |
57 total
» build order
00:17 Orc Burrow
00:54 Barracks
00:58 Altar of Storms
01:30 Orc Burrow
02:09 Voodoo Lounge
02:35 Orc Burrow
04:14 Stronghold
04:15 Stronghold
04:15 Stronghold
04:37 War Mill
06:04 Great Hall
06:09 Watch Tower
06:10 Watch Tower
06:37 Watch Tower
07:27 Watch Tower
07:28 Watch Tower
07:30 Watch Tower
07:31 Watch Tower
07:35 Watch Tower
07:35 Watch Tower
09:39 Fortress
09:39 Fortress
11:03 Beastiary
11:04 Beastiary
11:11 Beastiary
11:22 Beastiary
11:25 Watch Tower
11:30 Watch Tower
11:32 Watch Tower
12:30 Orc Burrow
13:43 Watch Tower
13:44 Watch Tower
13:45 Watch Tower
13:46 Watch Tower
13:49 Watch Tower
13:54 Watch Tower
16:04 Watch Tower
16:05 Watch Tower
16:07 Watch Tower
16:08 Watch Tower
22:06 Orc Burrow
22:07 Orc Burrow
26:42 Watch Tower
26:43 Watch Tower
26:43 Watch Tower
26:44 Watch Tower
26:45 Watch Tower
26:46 Watch Tower
28:22 Orc Burrow
28:24 Orc Burrow
28:29 Orc Burrow
28:30 Orc Burrow
31:20 Altar of Kings
35:16 War Mill
35:23 Great Hall
» items
| Healing Salve | 9 | |
| Lesser Clarity Potion | 6 | |
| Boots of Speed | 1 | |
| Orb of Lightning | 1 | |
| Scroll of Town Portal | 2 | |
| Potion of Mana | 1 | |
20 total
Chat log
(00:20 / Allies) RYBA_: orc
(00:22 / Allies) RYBA_: what
(00:23 / Allies) RYBA_: units ?
(00:27 / All) doctor-rock: spirits are pretty tasty
(00:44 / All) NatAmerSpirits: you know what's up
(00:54 / Allies) RYBA_: hh
(00:56 / Allies) RYBA_: tc?
(03:07 / Allies) RYBA_: come
(03:09 / Allies) RYBA_: purp
(04:02 / Allies) RYBA_: come one
(04:26 / Allies) NatAmerSpirits: damn I am fucked
(04:36 / Allies) RYBA_: good
(04:37 / Allies) RYBA_: come
(04:38 / Allies) RYBA_: just
(05:31 / All) NatAmerSpirits: who else got latency
(05:46 / All) SaturdayOwnage: everyone
(05:51 / All) SaturdayOwnage: cuz gay ass blizzard built it in
(05:54 / All) NatAmerSpirits: I mean
(05:55 / All) NatAmerSpirits: lag
(05:59 / All) SaturdayOwnage: here's hoping the new patch fixes that
(06:11 / Allies) RYBA_: u taur ?
(06:33 / Allies) NatAmerSpirits: man
(06:37 / Allies) NatAmerSpirits: why would you lead them to my expo bro
(06:41 / Allies) scadinha: B
(06:48 / Allies) AnyGivenHyundai: stfu
(07:11 / All) NatAmerSpirits: I got lots of lag
(07:25 / Allies) RYBA_: me doc
(07:28 / Allies) RYBA_: u shamans
(07:30 / Allies) RYBA_: ok ?
(08:21 / Allies) NatAmerSpirits: kill that
(08:23 / Allies) NatAmerSpirits: thing tha theals
(08:25 / Allies) scadinha: FOCUS TC
(08:55 / All) NatAmerSpirits: mher faggot
(09:00 / All) NatAmerSpirits: pink 100% mhs
(09:01 / All) ChOnChO: lol?
(09:04 / All) ChOnChO: run in ur base
(09:06 / All) NatAmerSpirits: yeah
(09:07 / All) ChOnChO: and see shredder rofl
(09:08 / All) NatAmerSpirits: for my shreddar
(09:09 / All) ChOnChO: fuck off
(09:11 / All) NatAmerSpirits: piece of shit mher
(09:12 / All) ChOnChO: no
(09:14 / All) ChOnChO: run in to kill workers
(09:19 / All) ChOnChO: i see srhedder too
(09:19 / All) NatAmerSpirits: RIGHT
(09:20 / All) NatAmerSpirits: RIGHT
(09:21 / All) NatAmerSpirits: mher
(09:23 / All) ChOnChO: LOL
(09:23 / All) ChOnChO: IDC
(09:25 / All) ChOnChO: WHAT U THINK
(09:27 / All) ChOnChO: IF I MH OR NOT
(09:30 / All) ChOnChO: IDG A FUCK
(09:31 / All) ChOnChO: BRA
(09:32 / All) NatAmerSpirits: WHAT A COINCIDENCE
(09:43 / All) ChOnChO: mata fact ill go dl it after
(09:45 / All) ChOnChO: think i give a fuck
(09:50 / All) NatAmerSpirits: Right to my shreddar with little health
(09:52 / All) NatAmerSpirits: for my "workers"
(09:53 / All) NatAmerSpirits: LOL
(09:54 / All) NatAmerSpirits: yaeh
(09:57 / All) SaturdayOwnage: where would you even download that kind of thing
(09:57 / All) ChOnChO: YA
(09:58 / All) ChOnChO: YA
(09:59 / Allies) RYBA_: gogo
(09:59 / All) ChOnChO: PWNT
(10:00 / All) NatAmerSpirits: with two bms chasing your low health hero
(10:01 / All) ChOnChO: PwNT
(10:01 / All) ChOnChO: CRY
(10:03 / Allies) RYBA_: and taurens
(10:05 / All) ChOnChO: OVA SHREDDER
(10:07 / All) NatAmerSpirits: you're such a fucking low IQ scumbag
(10:08 / All) ChOnChO: riGHT IN VIEW
(10:10 / All) ChOnChO: BUT ITS MH
(10:11 / All) NatAmerSpirits: pink is hacfking
(10:11 / All) ChOnChO: GTOF
(10:13 / All) ChOnChO: LOLOL
(10:15 / All) NatAmerSpirits: drop hack too
(10:15 / All) ChOnChO: Ur crying
(10:18 / All) ChOnChO: oh yea
(13:03 / Allies) RYBA_: rep
(13:55 / Allies) scadinha: 10 g
(14:49 / Allies) RYBA_: push
(15:36 / Allies) NatAmerSpirits: b
(15:36 / Allies) NatAmerSpirits: b
(15:37 / Allies) NatAmerSpirits: b
(15:37 / Allies) NatAmerSpirits: b
(15:38 / Allies) NatAmerSpirits: b
(15:39 / Allies) NatAmerSpirits: b
(16:54 / All) SaturdayOwnage: Pink pings exactly where a bm is
(16:57 / All) SaturdayOwnage: and then claims he isn't hacking
(16:57 / All) ChOnChO: LOL
(16:59 / All) SaturdayOwnage: just a coincidence
(17:02 / All) ChOnChO: BM RUNS THRU ME
(17:07 / All) ChOnChO: AND I PING HIS BM SAY CAREFUL
(17:14 / All) ChOnChO: people are so funny
(17:14 / All) SaturdayOwnage: well you're already a suspected hacker
(17:15 / All) ChOnChO: wow
(17:18 / All) SaturdayOwnage: so this is the icing on the cake
(17:20 / All) SaturdayOwnage: bitch
(17:24 / All) ChOnChO: bitch suck a dick
(17:27 / All) ChOnChO: fucking idiot noob
(17:37 / All) ChOnChO: ice ur own cake
(17:38 / All) SaturdayOwnage: why don't you go give head to your tranny mother
(17:44 / All) SaturdayOwnage: faggot?
(17:59 / All) ChOnChO: lol fuck urs, divorced pathetic kid
(18:08 / All) ChOnChO: rage ona game
(18:09 / All) SaturdayOwnage: least my divorced mom is a real mom
(18:11 / All) ChOnChO: When ally helps u
(18:13 / All) SaturdayOwnage: and not some sick fuck who adopted me
(18:15 / All) ChOnChO: ur really fucked in the head
(18:26 / All) SaturdayOwnage: only one raging is you lol
(18:30 / All) ChOnChO: u are
(18:31 / All) ChOnChO: u tkd
(18:32 / All) ChOnChO: for nothing
(18:36 / All) SaturdayOwnage: I tk all the time
(18:40 / All) ChOnChO: when i warn u bm ran thru me to u rofl
(18:40 / All) SaturdayOwnage: every game I play I tk, it's what I do
(18:43 / All) ChOnChO: u got probs
(18:43 / All) SaturdayOwnage: and you're prime person to tk
(18:47 / All) ChOnChO: k
(18:50 / All) ChOnChO: ill do the same
(18:50 / All) SaturdayOwnage: you're a hacker so you're free pickings, my team won't retaliate
(18:56 / All) ChOnChO: lol, aint no hacker
(18:59 / Allies) RYBA_: wood?
(18:59 / All) ChOnChO: I ping to help
(19:02 / All) ChOnChO: ur a idiot
(19:03 / All) SaturdayOwnage: 100% are a hacker
(19:06 / All) ChOnChO: LOL
(19:12 / All) ChOnChO: BC i ping BM THAT RAN
(19:14 / All) ChOnChO: THRU NME
(19:21 / All) ChOnChO: go fuck ur self lil nerd
(19:43 / Allies) scadinha: b
(19:47 / Allies) RYBA_: wtf?
(20:35 / Allies) RYBA_: make
(20:37 / Allies) RYBA_: units
(20:37 / All) SaturdayOwnage: hacker down
(20:38 / Allies) RYBA_: uise gold
(20:39 / Allies) RYBA_: and wood
(20:41 / Allies) RYBA_: wtf?
(20:44 / Allies) RYBA_: 4lk wood
(20:46 / Allies) RYBA_: anmd ghold
(21:44 / Allies) scadinha: :
(23:35 / Allies) RYBA_: stop
(23:36 / Allies) RYBA_: tower
(23:39 / Allies) RYBA_: idiot
(23:41 / Allies) RYBA_: make ubnitrs
(23:42 / Allies) RYBA_: ...
(23:43 / Allies) RYBA_: unitrs
(23:44 / Allies) RYBA_: omg
(23:46 / Allies) RYBA_: rly
(23:47 / Allies) RYBA_: next time
(23:49 / Allies) RYBA_: i tk u
(24:31 / All) SaturdayOwnage: gg
(24:34 / All) SaturdayOwnage: easy win
(24:44 / All) SaturdayOwnage: you guys can stop wasting my time now
(24:48 / All) SaturdayOwnage: so I can find a new game
(24:55 / All) SaturdayOwnage: and rape more noobs like tyou scrubs
(26:57 / Allies) RYBA_: i contorl
(26:58 / Allies) RYBA_: blue
(26:58 / Allies) scadinha: B
(26:59 / Allies) scadinha: B
(26:59 / Allies) RYBA_: wtf
(26:59 / Allies) scadinha: B
(27:00 / Allies) scadinha: B
(27:00 / Allies) scadinha: B
(27:00 / Allies) scadinha: B
(27:01 / Allies) scadinha: B
(27:09 / Allies) scadinha: FY
(27:13 / Allies) RYBA_: omg
(27:25 / Allies) scadinha: GG
(28:40 / Allies) RYBA_: purp
(28:41 / Allies) RYBA_: where
(28:43 / Allies) RYBA_: are u ?
(30:05 / Allies) scadinha: GREN NOOB
(30:33 / Allies) RYBA_: wtf?
(30:58 / Allies) RYBA_: man wtf?
(31:10 / Allies) NatAmerSpirits: You threatened me
(31:11 / Allies) scadinha: PURP IDIOT
(31:12 / Allies) NatAmerSpirits: Now you die
(31:19 / Allies) RYBA_: lawl
(31:20 / Allies) RYBA_: just
(31:22 / Allies) RYBA_: say
(31:23 / Allies) RYBA_: go
(31:24 / Allies) RYBA_: !!
(31:36 / All) scadinha: LOST GAME
(31:39 / All) SaturdayOwnage: gg
(32:11 / All) NatAmerSpirits: The lesson here is don't threaten the god of battle net
(34:26 / Allies) RYBA_: omg
(34:30 / Allies) RYBA_: guys
(34:33 / Allies) RYBA_: play
(34:34 / Allies) RYBA_: !!!
(34:37 / Allies) NatAmerSpirits: no moral victory for you chumpo
(34:45 / Allies) NatAmerSpirits: It's over boyo
(35:11 / Allies) NatAmerSpirits: Mess with the bull get the horns boyo!
(35:29 / All) scadinha: vc e um idiota que se eu pego te mato
(35:35 / All) SaturdayOwnage: hue hue hue
(35:39 / All) SaturdayOwnage: jajaja
(35:52 / Allies) RYBA_: teal
(35:53 / All) SaturdayOwnage: jajajajajajaja
(35:54 / Allies) RYBA_: show u
(35:54 / All) SaturdayOwnage: gg jaja
(35:57 / Allies) RYBA_: and win
(35:57 / Allies) RYBA_: ; ]
(36:00 / Allies) RYBA_: tower power
(36:52 / Allies) RYBA_: purp
(36:54 / Allies) RYBA_: u show
(36:56 / Allies) RYBA_: u ugly
(36:58 / Allies) RYBA_: gay
(36:59 / Allies) RYBA_: ; ]
(37:02 / Allies) RYBA_: i dont care
(37:11 / Allies) RYBA_: about losre
(37:13 / Allies) RYBA_: but
(37:14 / Allies) RYBA_: u show
(37:16 / Allies) RYBA_: u ugly
(37:17 / Allies) RYBA_: ; )
(37:24 / All) NatAmerSpirits: You should apologize!
(37:28 / All) NatAmerSpirits: You threatened the god of battle net!
(37:30 / All) NatAmerSpirits: now you lose1
(37:34 / Allies) RYBA_: ohhh
(37:37 / Allies) RYBA_: nooo
(37:38 / Allies) RYBA_: ; D
(37:42 / All) NatAmerSpirits: lawl
(37:46 / All) SaturdayOwnage: who loses
(37:47 / All) SaturdayOwnage: pink?
(37:49 / All) NatAmerSpirits: lets stats
(37:53 / All) SaturdayOwnage: k
(37:58 / All) NatAmerSpirits: green above average rec
(38:03 / All) SaturdayOwnage: did he actually mh I didn't pay attention much, I just wanted excuse to tk him
(38:12 / All) NatAmerSpirits: not sure
(38:14 / All) SaturdayOwnage: 194-167 solo yellow 132-123 team
(38:15 / All) NatAmerSpirits: REALLY fishy tho
(38:22 / All) NatAmerSpirits: why the fuck he would run into my base
(38:27 / All) SaturdayOwnage: 50-31 pink wow
(38:30 / All) NatAmerSpirits: except that he has mh and saw my hurt shreddar
(38:37 / All) SaturdayOwnage: and red 112-98
(38:39 / All) SaturdayOwnage: I say my team lose
(38:40 / All) NatAmerSpirits: he had 2 bms hounding his mk
(38:45 / All) NatAmerSpirits: that was hurt
(38:49 / All) SaturdayOwnage: he pinged your bm at a convenient time too
(38:51 / All) NatAmerSpirits: why would he decide to harass before tping
(38:53 / All) SaturdayOwnage: he pinged right on it
(38:56 / All) NatAmerSpirits: he would have got 0 workers
(38:59 / All) SaturdayOwnage: he could just be warning, but
(39:02 / All) SaturdayOwnage: his ping was RIGHT on it
(39:04 / All) NatAmerSpirits: I say pink loses, pretty good chance he mhs
(39:13 / All) SaturdayOwnage: yeah and my team has good stats